 Dungeon Crawl Stone Soup version 0.26-b1-32-g5d43845318 (webtiles) character file.

Game seed: 9720144851697468121

25 Borgoz the Ducker (level 3, 0/30 HPs)
             Began as a Ghoul Gladiator on Jan 13, 2021.
             Killed from afar by a white imp (2 damage)
             ... with a puff of frost
             ... summoned by Natasha
             ... on level 2 of the Dungeon.
             The game lasted 00:01:02 (838 turns).

Borgoz the Ducker (Ghoul Gladiator)                  Turns: 838, Time: 00:01:02

Health: 0/30       AC:  5    Str: 17    XL:     3   Next: 6%
Magic:  2/2        EV: 12    Int:  3    God:
Gold:   37         SH:  0    Dex: 11    Spells: 2/2 levels left

rFire    . . .     SeeInvis .   a - +0 flail
rCold    + . .     Faith    .   (no shield)
rNeg     + + +     Spirit   .   b - +0 leather armour
rPois    ∞         Reflect  .   c - +0 helmet
rElec    .         Harm     .   (no cloak)
rCorr    .         Rampage  .   (no gloves)
Will     +....                  f - +0 pair of boots
Stlth    +.........             (no amulet)
HPRegen  0.00/turn              g - ring of willpower
MPRegen  0.08/turn              (no ring)

@: no status effects
A: claws 1, cold resistance 1, negative energy resistance 3, inhibited
regeneration, torment resistance, unbreathing
a: no special abilities


You were on level 2 of the Dungeon.
You visited 1 branch of the dungeon, and saw 2 of its levels.

You collected 37 gold pieces.

Inventory:

Hand Weapons
 a - a +0 flail (weapon)
Missiles
 d - 2 throwing nets (quivered)
Armour
 b - a +0 leather armour (worn)
 c - a +0 helmet (worn)
 f - a +0 pair of boots (worn)
Jewellery
 g - a ring of willpower (left claw)
 i - an uncursed amulet of magic regeneration {unknown}
Scrolls
 h - a scroll of identify {unknown}
 l - a scroll of amnesia {unknown}
 n - a scroll of noise {unknown}
Potions
 j - a potion of might {unknown}
 k - a potion of curing {unknown}
 m - a potion of mutation {unknown}


   Skills:
 * Level 2.7 Fighting
 * Level 3.0 Maces & Flails
 - Level 1.7 Throwing
 * Level 0.9 Armour
 * Level 3.0 Dodging


You had 2 spell levels left.
You didn't know any spells.
Your spell library was empty.

Dungeon Overview and Level Annotations

Branches:
Dungeon (2/15)

Altars:

Annotations:
D:2 Natasha


Innate Abilities, Weirdness & Mutations

You thrive by killing the living.
You are immune to poison.
You have sharp fingernails.
Your flesh is cold resistant. (rC+)
You are immune to negative energy. (rN+++)
You do not regenerate when monsters are visible.
You are immune to unholy pain and torment.
You can survive without breathing.


Message History

The puff of frost hits you. You resist. The shadow imp misses you.
You barely miss Natasha.
Natasha is severely wounded.
Natasha claws you!
* * * LOW HITPOINT WARNING * * *
The white imp shouts, "Accept thy failure, thou ducking dread-bolted nightsoil!"
The white imp closely misses you. The shadow imp barely misses you.
Natasha claws you.
* * * LOW HITPOINT WARNING * * *
You barely miss Natasha.
Natasha is severely wounded.
The white imp barely misses you. The shadow imp barely misses you.
Natasha claws you but does no damage.
The white imp hits you but does no damage.
It was a potion of berserk rage.
You cannot raise a blood rage in your lifeless body.
The shadow imp closely misses you.
Natasha mumbles some strange words.
The white imp gestures at you. The puff of frost hits you. You resist.
You die...

#..##.###.#.######
#..##.# #.#.# #
#..##.# #.#.# #
#.....# #.#.# #
######..######.#.#
#................#
#.####.........###
##..#####.# #..@#
# #..55h......
##...##..... ##5.#
.... #..# ... #..#
.. #..# . ....


You could see an iron imp (summoned), Natasha, a white imp (summoned) and a
shadow imp (summoned).

Vanquished Creatures
  A dart slug (D:1)
  3 bats (D:1)
  A giant cockroach (D:2)
  3 goblins (D:1)
  4 hobgoblins (D:1)
  3 frilled lizards
  4 kobolds (D:1)
  5 rats (D:1)
24 creatures vanquished.

Notes
Turn   | Place    | Note
-------+----------+-------------------------------------------
     0 | D:1      | Borgoz the Ghoul Gladiator began the quest for the Orb.
     0 | D:1      | Reached XP level 1. HP: 17/17 MP: 0/0
   256 | D:1      | Reached XP level 2. HP: 18/25 MP: 1/1
   671 | D:1      | Reached XP level 3. HP: 30/30 MP: 2/2
   826 | D:2      | Noticed Natasha
   838 | D:2      | Killed from afar by a white imp

Illustrated notes

Levels and vault maps discovered:
D:1:      onia_arrival_mini_spirals, layout_rooms
D:2:      layout_loops_ring, uniq_natasha

Skill      XL: |  1  2 |
---------------+-------+-----
Dodging        | 3 |  3.0
Maces & Flails | 3 |  3.0
Fighting       | |  2.7
Throwing       | |  1.7
Armour         | |  0.9

Action                   || total
-------------------------++-------
Melee: Flail             ||    75
Throw: Throwing net      ||     1
  Use: Potion            ||     1
 Stab: Held in net/web   ||     1
Armor: Leather armour    ||    36
Dodge: Dodged            ||    79
